[Event "6e festival d'échecs d'Allauch"]
[Site "Allauch, France"]
[Date "2024.08.26"]
[Round "1.1"]
[White "Hoang Villemagne, Mathieu"]
[Black "Degraeve, Jean-Marc"]
[Result "0-1"]
[TimeControl "1 h 30 min (+30s/coup)"]
[WhiteElo "1832"]
[BlackElo "2487"]

1. e4 c5 2. Nf3 Nc6 3. c3 Nf6 4.
e5 Nd5 5. d4 cxd4 6. cxd4 d6 7. exd6 e6 8. Nc3 Nxc3 9. bxc3 Bxd6 10. Bd3 Qc7 11. O-O Bf4 12. Re1 O-O 13. Qe2 Bxc1 14.
Raxc1 Qf4 15. Bb1 b6 16. Qc2 g6 17. Qe4 Qxe4 18. Bxe4 Bb7 19. c4 Rac8 20. d5 exd5 21. Bxd5 Rfd8 22.
Re3 Rc7 23. Rce1 Na5 24. Rd3 Kg7 25. Red1 b5 26. Nd2 Rcd7 27. Nb3 bxc4 28. Bxc4 Rxd3 29. Bxd3 Nxb3 30. axb3 Ba6 31. Be2 Rxd1+ 32. Bxd1 Kf6 33. f3 Ke5 34. Kf2 Kd4 35. g4 Kc3 36. g5 Kd2 0-1

[Event "6e festival d'échecs d'Allauch"]
[Site "Allauch, France"]
[Date "2024.08.26"]
[Round "1.2"]
[White "Degraeve, Remy"]
[Black "Boudjellal, Yaqin"]
[Result "1-0"]
[TimeControl "1 h 30 min (+30s/coup)"]
[WhiteElo "2402"]
[BlackElo "1829"]

1. e4 e5 2. Nf3 Nc6 3. Bc4 Nf6 4. d3 Be7 5. O-O d6 6. a4 Bg4 7. Nbd2 h6 8. c3 O-O 9. h3 Bh5 10.
Re1 Nh7 11. a5 Qd7 12. Nxe5 Nxe5 13. Qxh5 Nxc4 14. Nxc4 f5 15. Ne3 fxe4 16. dxe4 Rae8 17. Nf5 Bg5 18. Bxg5 Nxg5 19. Qg4 Qe6 20.
h4 Rxf5 21. Qxf5 Nxe4 22. Qxe6+ Rxe6 23. f3 Nc5 24. b4 Rxe1+ 25. Rxe1 Na4 26. Re7 Nxc3 27. Rxc7 Nb5 28. Rxb7 a6 29.
Rxb5 1-0

[Event "6e festival d'échecs d'Allauch"]
[Site "Allauch, France"]
[Date "2024.08.26"]
[Round "1.3"]
[White "Gonzalez De Linares, Milan"]
[Black "Philippe, Guillaume"]
[Result "0-1"]
[TimeControl "1 h 30 min (+30s/coup)"]
[WhiteElo "1821"]
[BlackElo "2356"]

1. d4 Nf6 2. c4 e6 3. Nf3 Bb4+ 4. Bd2 Be7 5. g3 O-O 6. Bg2 d5 7. O-O c6 8. Nc3 Nbd7 9. Bf4 dxc4 10.
a4 Nd5 11. Nd2 Nxf4 12. gxf4 Nb6 13. a5 Nd5 14. e3 Bb4 15. Qc2 Bxa5 16. Nxc4 Bc7 17. Rfb1 a6 18. b4 Rb8 19. Ne4 Qe7 20.
Nc5 Kh8 21. Kh1 Qh4 22. Ne5 Nf6 23. Ncd3 Bd6 24. Rg1 Nd5 25. Bf3 f6 26. Bxd5 exd5 27. Nf3 Qh5 28. Rg3 Bf5 29. Rag1 Be4 30.
Qd1 g5 31. R1g2 Rg8 32. Kg1 g4 33. Nfe1 Bxg2 34. Kxg2 Rg6 35. Nc2 Rbg8 36. Qg1 Qf5 37. Qd1 h5 38. Kf1 h4 39. Rg1 R8g7 40.
Nce1 g3 41. hxg3 hxg3 42. Qf3 gxf2 43. Rh1+ Rh7 44. Rxh7+ Kxh7 45. Kxf2 Qg4 46. Qxg4 Rxg4 47. Nf3 Rg7 48. Nd2 Kg6 49.
Nb3 b6 50. Nd2 Rh7 51. Kg2 Kf5 52. Nf1 a5 53. bxa5 bxa5 54. Nb2 Rb7 55. Na4 Rb4 56. Nc3 a4 57. Kf3 a3 0-1

[Event "6e festival d'échecs d'Allauch"]
[Site "Allauch, France"]
[Date "2024.08.26"]
[Round "1.4"]
[White "Petrosyan, Armen"]
[Black "Renahy, Corentin"]
[Result "1-0"]
[TimeControl "1 h 30 min (+30s/coup)"]
[WhiteElo "2344"]
[BlackElo "1817"]

1. e4 e5 2. Nf3 Nc6 3. Bb5 f5 4. d3 fxe4 5. dxe4 Nf6 6. O-O Bc5 7. Bxc6 bxc6 8. Nxe5 O-O 9. Nc3 d6 10.
Na4 Nxe4 11. Nxc5 Nxc5 12. Nxc6 Qf6 13. Qd4 Bd7 14. Qxf6 Rxf6 15. Ne7+ Kf8 16. Nd5 Rg6 17. Be3 Bc6 18.
Rad1 Nd7 19. f3 Re8 20. Kf2 Ne5 21. b3 Bxd5 22. Rxd5 Rf6 23. h3 Nc6 24. Bd2 a6 25. Re1 Rxe1 26.
Bxe1 Re6 27. Bc3 g6 28. f4 Ne7 29. Ra5 d5 30. Bb4 Rc6 31. Rxd5 Rxc2+ 32. Kf3 a5 33. Rxa5 Kf7 34. Rc5 Rxc5 35.
Bxc5 Nd5 36. a4 Ke6 37. a5 1-0

[Event "6e festival d'échecs d'Allauch"]
[Site "Allauch, France"]
[Date "2024.08.26"]
[Round "1.5"]
[White "Pons, Lucas"]
[Black "Anton, Christophe"]
[Result "0-1"]
[TimeControl "1 h 30 min (+30s/coup)"]
[WhiteElo "1421"]
[BlackElo "1697"]

1. e4 c5 2. Nf3 d6 3. d4 cxd4 4.
Nxd4 Nf6 5. Nc3 g6 6. Be3 Bg7 7. Qd2 Ng4 8. f3 Nxe3 9. Qxe3 Nc6 10. Bb5 Bd7 11. Bxc6 bxc6 12. O-O-O a5 13.
a4 Qb6 14. f4 Bh6 15. e5 O-O 16. Qe4 Rab8 17. Nb3 Bf5 18. Qc4 d5 19. Qd4 Qxd4 20. Nxd4 Bxf4+ 21. Kb1 Bd7 22. Rhe1 e6 23.
g3 Bh6 24. h4 Rb4 25. Nf3 Rfb8 26. b3 c5 27. Na2 Rxa4 28. Ka1 Rg4 29. Rg1 Bg7 30. Rde1 a4 31. Nd2 axb3 32. cxb3 Bh6 33.
Nf3 Rxb3 34. Nh2 Rgxg3 35. Rxg3 Rxg3 36. Rb1 Bf4 37. Re1 Re3 38. Rxe3 Bxe3 39. Ng4 Bd4+ 40. Kb1 Bb5 41. Nf6+ Kg7 42.
h5 gxh5 43. Nxh5+ Kg6 44. Nf4+ Kf5 45. Nh3 Kg4 46. Nf2+ Bxf2 47. Nc3 Bd3+ 48. Kc1 h5 49. Kd2 c4 50. Nb5 h4 51. Nd6 Bg6 52. Ke2 Kg3 53. Kf1 h3 54. Ke2 h2 55. Nb5 h1=Q 0-1

[Event "6e festival d'échecs d'Allauch"]
[Site "Allauch, France"]
[Date "2024.08.26"]
[Round "1.6"]
[White "Dorvaux-Valdieu, Teiva"]
[Black "Ben Salah, Yacob"]
[Result "1-0"]
[TimeControl "1 h 30 min (+30s/coup)"]
[WhiteElo "1679"]
[BlackElo "1413"]

1. d4 d5 2. Nf3 Nc6 3. e3 e6 4.
b3 Nf6 5. Bb2 Ne4 6. a3 b6 7.
Bd3 f5 8. Bb5 Bb7 9. Bxc6+ Bxc6 10.
Ne5 Qd6 11. Qh5+ Ke7 12. a4 Be8 13.
Qh4+ Nf6 14. Ba3 c5 15. O-O Kd8 16.
c4 Qc7 17. cxd5 exd5 18. Nc3 cxd4 19. Qxd4 Bxa3 20. Rxa3 Qd6 21.
Ra2 Rc8 22. Rd1 b5 23. axb5 Ng4 24. Nxg4 fxg4 25. Rxa7 Bh5 26. Qxd5 Qxd5 27. Rxd5+ Ke8 28. Rxh5 Rxc3 29. h3 Rf8 30.
Re5+ Kd8 31. Ra8+ Rc8 32. Rxc8+ Kxc8 33. hxg4 Rd8 34. Re7 Rd3 35. Rxg7 Rxb3 36.
Rxh7 Rxb5 37. f4 Rb3 38. Kf2 Rb2+ 39. Kf3 Rd2 40. g5 Rd5 41. g6 Rd8 42. g7 Re8 43. Rh8 Rxh8 44. gxh8=Q+ 1-0

[Event "6e festival d'échecs d'Allauch"]
[Site "Allauch, France"]
[Date "2024.08.26"]
[Round "1.7"]
[White "Minde, Heloise"]
[Black "Siguret, William"]
[Result "0-1"]
[TimeControl "1 h 30 min (+30s/coup)"]
[WhiteElo "1412"]
[BlackElo "1671"]

1. e4 d5 2. e5 c5 3. Nf3 Bg4 4.
c3 Qa5 5. Be2 Nd7 6. O-O e6 7. d4 Ne7 8. Be3 Nf5 9. Nbd2 Be7 10. Qc2 Rc8 11. Rfe1 cxd4 12. Bxd4 Nxd4 13. Nxd4 Nxe5 14.
Bb5+ Nc6 15. N2b3 Qc7 16. Rac1 O-O 17. a4 Ne5 18. Nd2 Bh5 19. b3 Bg5 20. Qb2 Bg6 21. g3 a6 22. f4 axb5 23.
Nxb5 Qc5+ 24. Kg2 Nd3 25. b4 Qf2+ 26. Kh3 Bf5+ 27. g4 Nxf4# 0-1

[Event "6e festival d'échecs d'Allauch"]
[Site "Allauch, France"]
[Date "2024.08.26"]
[Round "1.8"]
[White "Madi, Chahinez"]
[Black "Mouly, Maxime"]
[Result "1-0"]
[TimeControl "1 h 30 min (+30s/coup)"]
[WhiteElo "1668"]
[BlackElo "1411"]

1. e4 e5 2. Nf3 Nc6 3. Bb5 a6 4. Ba4 Nf6 5. O-O Bc5 6. d3 b5 7. Bb3 d6 8. c3 Bg4 9. Re1 Bxf3 10.
Qxf3 Na5 11. Bc2 h6 12. b4 Bxb4 13. cxb4 Nc6 14. a3 a5 15. bxa5 Nd4 16. Qd1 Rxa5 17. Bb2 Nxc2 18. Qxc2 Qb8 19. Qc6+ Ke7 20. d4 Qa7 21. dxe5 Ng4 22. exd6+ cxd6 23. Qc2 b4 24.
Qe2 h5 25. h3 Ne5 26. Bxe5 dxe5 27. Qe3 Rb8 28. Qxa7+ Rxa7 29. Nd2 bxa3 30. Nc4 a2 31. Nxe5 Rb6 32. Kh2 Kd6 33. Nc4+ Kc5 34.
Nxb6 Kxb6 35. Re2 Ra5 36. Raxa2 Rg5 37. Rec2 Kb5 38. Rab2+ Ka4 39. Rc8 Ka3 40. Rb7 Ka4 41. Ra8+ Ra5 42. Rxa5+ Kxa5 43. Rxf7 h4 44. e5 g5 45.
e6 g4 46. e7 g3+ 47. fxg3 hxg3+ 48. Kxg3 Kb6 49. e8=Q Kc5 50. Rd7 1-0

[Event "6e festival d'échecs d'Allauch"]
[Site "Allauch, France"]
[Date "2024.08.27"]
[Round "2.1"]
[White "Degraeve, Jean-Marc"]
[Black "Cauture, Baptiste"]
[Result "1-0"]
[TimeControl "1 h 30 min (+30s/coup)"]
[WhiteElo "2487"]
[BlackElo "1900"]

1. e4 c5 2. Nf3 d6 3. c3 g6 4. d4 cxd4 5. cxd4 d5 6. e5 Nc6 7. Bb5 Bg7 8. O-O Nh6 9. h3 O-O 10.
Bxc6 bxc6 11. Nc3 Nf5 12. Re1 f6 13. Bf4 Bd7 14. Na4 fxe5 15. Bxe5 Nd6 16. Bxg7 Kxg7 17. Nc5 Rf6 18. Qe2 e6 19.
Ne5 Be8 20. Ng4 Bf7 21. Nxf6 Qxf6 22. Nxe6+ Bxe6 23. Qxe6 Rf8 24. Qxf6+ Kxf6 25. Re3 Nf5 26. Rf3 Kg7 27. g4 Nxd4 28.
Rxf8 Kxf8 29. Rd1 Ne6 30. Kg2 g5 31. Kg3 Ke7 32. h4 h6 33. hxg5 hxg5 34. Rh1 Kd6 35. Rh7 a6 36. Ra7 d4 37.
Rxa6 Kd5 38. Kf3 Nf4 39. Ra5+ c5 40. b4 d3 41. Ke3 Kc4 42. Rxc5+ Kxb4 43. Rxg5 Kc3 44. Kxf4 d2 45. Rd5 1-0

[Event "6e festival d'échecs d'Allauch"]
[Site "Allauch, France"]
[Date "2024.08.27"]
[Round "2.2"]
[White "Toth, Kincso"]
[Black "Degraeve, Remy"]
[Result "0-1"]
[TimeControl "1 h 30 min (+30s/coup)"]
[WhiteElo "1912"]
[BlackElo "2402"]

1. e4 e5 2. Nf3 Nc6 3. Nc3 Nf6 4. d4 exd4 5. Nxd4 Bb4 6. Nxc6 bxc6 7. Bd3 O-O 8. O-O Re8 9. Re1 d6 10.
Bd2 a5 11. f3 Nd7 12. Ne2 Ne5 13. Bc3 Qf6 14. Bxb4 axb4 15. c3 c5 16. Ng3 bxc3 17. bxc3 Ra3 18. Be2 Rxc3 19. a4 c4 20.
a5 Nd3 21. Bxd3 cxd3 22. Qa4 Kf8 23. a6 Rc2 24. Nf1 Qh4 25. Qd4 Bxa6 26. Ng3 Bb5 27. Qxg7+ Kxg7 28. Nf5+ Kf6 29. Nxh4 d2 30.
Reb1 Ra8 0-1

[Event "6e festival d'échecs d'Allauch"]
[Site "Allauch, France"]
[Date "2024.08.27"]
[Round "2.3"]
[White "Philippe, Guillaume"]
[Black "Dartige, Thomas"]
[Result "1/2-1/2"]
[TimeControl "1 h 30 min (+30s/coup)"]
[WhiteElo "2356"]
[BlackElo "1864"]

1. e4 Nf6 2. e5 Nd5 3. d4 d6 4. c4 Nb6 5. f4 dxe5 6. fxe5 Nc6 7. Be3 Bf5 8. Nc3 e6 9. Nf3 Be7 10.
Be2 O-O 11. O-O f6 12. exf6 Bxf6 13. Qd2 h6 14. Rad1 Qe8 15. h3 Rd8 16. Qe1 Rf7 17. Rd2 Rfd7 18. Qf2 Na5 19. b3 c5 20.
Nb5 a6 21. dxc5 axb5 22. cxb6 bxc4 23. bxc4 Rxd2 24. Nxd2 Qa4 25. c5 Qxa2 26. Bf3 Qc2 27. Bd1 Qc3 28. Nf3 Rd5 29. Be2 Nb3 30.
Kh2 Qb4 31. Rd1 Rxd1 32. Bxd1 Be4 33. Bxb3 Qxb3 34. Bd4 Bxf3 35. Bxf6 Bd5 36. Be5 Qd3 37. Qg3 1/2-1/2

[Event "6e festival d'échecs d'Allauch"]
[Site "Allauch, France"]
[Date "2024.08.27"]
[Round "2.4"]
[White "Mottet, Louis"]
[Black "Petrosyan, Armen"]
[Result "0-1"]
[TimeControl "1 h 30 min (+30s/coup)"]
[WhiteElo "1889"]
[BlackElo "2344"]

1. e4 e5 2. Nf3 Nc6 3. Bb5 a6 4. Ba4 Nf6 5. O-O Be7 6. Re1 b5 7. Bb3 O-O 8. d3 d6 9. a4 b4 10.
h3 Na5 11. Ba2 b3 12. Bxb3 Nxb3 13. cxb3 c5 14. a5 Rb8 15. Nc3 Be6 16. Nd2 Ne8 17. g4 Bg5 18. Nc4 Bxc1 19. Qxc1 Qh4 20.
Kg2 h5 21. f3 Rxb3 22. Re2 Bxc4 23. dxc4 Nc7 24. Qd1 Rxc3 25. bxc3 Ne6 26. Rd2 Nf4+ 27. Kf1 Qxh3+ 28. Kf2 Qh4+ 29. Kf1 hxg4 30. fxg4 Qh1+ 31. Kf2 Qxe4 32. Qf3 Qxc4 33. Rxd6 Ne6 34.
Qd3 Qf4+ 35. Qf3 Qh2+ 36. Qg2 Qh4+ 37. Qg3 Qg5 38. Qe3 Nf4 39. Rad1 c4 40. Qg3 f5 41. gxf5 Qxf5 42. Ke1 Qe4+ 43. Kd2 Rb8 44. Rb6 Rd8+ 45. Kc1 Ne2+ 0-1

[Event "6e festival d'échecs d'Allauch"]
[Site "Allauch, France"]
[Date "2024.08.27"]
[Round "2.5"]
[White "Anton, Christophe"]
[Black "Barthel, Jean"]
[Result "1-0"]
[TimeControl "1 h 30 min (+30s/coup)"]
[WhiteElo "1697"]
[BlackElo "1520"]

1. e4 e5 2. Nf3 Nc6 3. d4 exd4 4. Nxd4 Nf6 5. Nc3 Bb4 6. Nxc6 bxc6 7. Bd2 d5 8. exd5 cxd5 9. Bb5+ Bd7 10.
Qe2+ Be7 11. O-O O-O 12.
Bxd7 Qxd7 13. Rad1 Qe6 14. Qxe6 fxe6 15. Rfe1 Kf7 16. b3 c5 17. Nb5 Rfc8 18. Ba5 Ne8 19. Re2 a6 20. Nc3 Rab8 21.
Rde1 Rc6 22. Nxd5 Rb5 23. Nxe7 Kxe7 24. Bd2 c4 25. bxc4 Rxc4 26. Rxe6+ Kf7 27. Rxe8 Rxc2 28. R8e7+ Kf8 29. R7e2 Rbb2 30. Bb4+ Kf7 31.
Rxc2 Rxc2 32. a3 Ra2 33. g3 a5 34. Bc5 Rc2 35. Bb6 a4 36. Re4 Rc6 37. Be3 Ra6 38. Re5 Rc6 39. Ra5 Rc4 40.
Bc5 Rg4 41. Bb4 Ke6 42. Rxa4 Kd7 43. Ra7+ Kc6 44. h3 Rg5 45. Kg2 h5 46. Bf8 g6 47. Bh6 Rb5 48. Ra6+ Rb6 49. Rxb6+ Kxb6 50.
Kf3 Kc6 51. Kf4 Kb5 52. Kg5 Ka4 53. Bf8 1-0

[Event "6e festival d'échecs d'Allauch"]
[Site "Allauch, France"]
[Date "2024.08.27"]
[Round "2.6"]
[White "Kemmo, Jules"]
[Black "Dorvaux-Valdieu, Teiva"]
[Result "0-1"]
[TimeControl "1 h 30 min (+30s/coup)"]
[WhiteElo "1547"]
[BlackElo "1679"]

1. e4 c6 2. d4 d5 3. e5 Bf5 4. h4 h5 5. Nc3 Nd7 6. Bd3 Bxd3 7. Qxd3 e6 8. Bd2 c5 9. Bg5 Qb6 10.
O-O-O cxd4 11. Qxd4 Qxd4 12. Rxd4 Nxe5 13. Nb5 Kd7 14. Ne2 Bc5 15. Rdd1 Bxf2 16. Rhf1 Bc5 17. Bf4 Ng6 18. Bd2 f6 19.
g3 N8e7 20. Nbd4 Nc6 21. Bc3 Nxd4 22. Nxd4 Rae8 23. Kb1 Rhf8 24. b4 Bd6 25. a3 Ne5 26. Nb5 Rc8 27. Bb2 a6 28. Nxd6 Kxd6 29.
Rde1 Nc4 30. Bc1 e5 31. Rf5 g6 32. Rf3 e4 33. Rf2 Ne5 34. Rd1 Ng4 35. Rfd2 Ne3 36. Re1 Nc4 37. Rd4 Ke5 38.
Red1 Rcd8 39. Bf4+ Ke6 40. Ka2 Ne5 41. Rc1 Nf3 42. Rdd1 g5 43. hxg5 fxg5 44. Be3 d4 0-1

[Event "6e festival d'échecs d'Allauch"]
[Site "Allauch, France"]
[Date "2024.08.27"]
[Round "2.7"]
[White "Siguret, William"]
[Black "Camus, Evan"]
[Result "1-0"]
[TimeControl "1 h 30 min (+30s/coup)"]
[WhiteElo "1671"]
[BlackElo "1514"]

1. f4 d5 2. Nf3 Nf6 3. e3 e6 4. b3 Nc6 5. Bb5 Bd7 6. Bb2 Bd6 7. O-O a6 8. Be2 Qe7 9. a4 O-O-O 10. c3 e5 11. fxe5 Nxe5 12. Ba3 Bg4 13. Nxe5 Bxe2 14. Bxd6 Rxd6 15. Qxe2 Qxe5 16. Qf3 Rf8 17. Na3 Ne4 18.
d4 Qe6 19. Nb1 f5 20. Ra2 g5 21. Rc2 g4 22. Qf4 b5 23. axb5 axb5 24. Nd2 Nxd2 25. Rxd2 Ra6 26. c4 bxc4 27.
bxc4 Ra4 28. cxd5 Qxd5 29. Rc2 Rf7 30. Rfc1 Ra7 31. Rc5 Qb3 32. R5c3 Qb2 33. R3c2 Qb4 34. Rc4 Qe7 35. Rc5 Qe6 36.
d5 Qb6 37. Qe5 Rd7 38. Qxf5 Qd6 39. Qxg4 Ra1 40. Qg8+ Rd8 41. Qe6+ Qxe6 42. Rxc7+ Kb8 43. dxe6 Rd1+ 44. Kf2 Rdxc1 45. e7 Kxc7 46. e8=Q Ra2+ 47. Kf3 Rf1+ 48. Kg3 Rff2 49. Qe5+ Kb6 50. Qd4+ Kc6 51. Qe4+ Kc5 52. h4 Kd6 53.
h5 Rf6 54. Qd4+ Ke7 55. Qb4+ Kd8 56. Qb8+ Ke7 57. Qc7+ Kf8 58. Qxh7 Raa6 59. Kh4 Ra4+ 60. g4 Rf7 61. Qh8+ Ke7 62.
Qe5+ Kf8 63. h6 Re7 64. Qh8+ Kf7 65. Qg7+ Ke6 66. Qg6+ Ke5 67. h7 Ra8 68. g5 Ra4+ 69. Kh5 Kd5 70.
h8=Q Rxe3 71. Qd8+ Kc4 72. Qc6+ Kb3 73. Qxa4+ Kxa4 74. Qd4+ Kb3 75. Qxe3+ Kc2 76. g6 Kd1 77. g7 Kc2 78.
g8=Q Kd1 79. Qd5+ Kc2 80. Qdb3# 1-0

[Event "6e festival d'échecs d'Allauch"]
[Site "Allauch, France"]
[Date "2024.08.27"]
[Round "2.8"]
[White "Bosseau Cassan, Romeo"]
[Black "Madi, Chahinez"]
[Result "0-1"]
[TimeControl "1 h 30 min (+30s/coup)"]
[WhiteElo "1514"]
[BlackElo "1668"]

1. e4 c5 2. Nf3 d6 3. d4 cxd4 4. Nxd4 Nf6 5. Nc3 a6 6. Bc4 e6 7. Nf3 b5 8. Bb3 Bb7 9. Bg5 Be7 10.
Bxf6 Bxf6 11. Nd2 O-O 12. O-O b4 13. Na4 Bc6 14. Rb1 Qa5 15. Nc4 Qg5 16. Qf3 Be5 17. Rfe1 Nd7 18. c3 f5 19.
Nxe5 Nxe5 20. Qh3 Bxe4 21. Bxe6+ Kh8 22. Rxe4 fxe4 23. Bd5 Nf3+ 24. Kf1 Nd2+ 25. Kg1 Nxb1 26. Bxe4 Qc1# 0-1

[Event "6e festival d'échecs d'Allauch"]
[Site "Allauch, France"]
[Date "2024.08.27"]
[Round "3.1"]
[White "Garrido, Mihai"]
[Black "Degraeve, Jean-Marc"]
[Result "0-1"]
[TimeControl "1 h 30 min (+30s/coup)"]
[WhiteElo "2014"]
[BlackElo "2487"]

1. e4 c5 2. Nf3 Nc6 3. Nc3 e5 4. Bc4 d6 5. d3 Be7 6. O-O Nf6 7. Nd5 O-O 8. c3 Rb8 9. a4 a6 10.
Bd2 b5 11. axb5 axb5 12. Nxf6+ Bxf6 13. Bb3 Qc7 14. Re1 Bb7 15. Bd5 Ne7 16. Bxb7 Rxb7 17. b4 c4 18. Be3 cxd3 19. Qxd3 Rd8 20.
Ra6 d5 21. Bc5 dxe4 22. Qxe4 Nd5 23. Bd4 Qc8 24. Nxe5 Re7 25. Rc6 Qa8 26. Rc5 Bxe5 27. Bxe5 f6 28. Rd1 Rxe5 29. Qd3 Ree8 30.
Qf1 Nf4 31. Rxd8 Rxd8 32. g3 Nh3+ 33. Qxh3 Rd1+ 34. Qf1 Qa1 35. Qxd1 Qxd1+ 36. Kg2 Qd3 37. h4 h5 38. Rc8+ Kf7 39.
Rc5 Ke6 40. Kg1 Kd6 41. Kh2 Qf1 42. Rf5 Ke6 43. Rf4 Qd3 0-1

[Event "6e festival d'échecs d'Allauch"]
[Site "Allauch, France"]
[Date "2024.08.27"]
[Round "3.2"]
[White "Degraeve, Remy"]
[Black "Charvein, Gabriel"]
[Result "1/2-1/2"]
[TimeControl "1 h 30 min (+30s/coup)"]
[WhiteElo "2402"]
[BlackElo "2011"]

1. e4 c5 2. Nf3 d6 3. d4 cxd4 4. Nxd4 Nf6 5. Nc3 g6 6. Be3 Bg7 7. f3 O-O 8. Qd2 Nc6 9. O-O-O h5 10.
Kb1 d5 11. Nxc6 bxc6 12. Bc4 Qc7 13. exd5 cxd5 14. Bxd5 Nxd5 15. Nxd5 Qb7 16. Qb4 Qxb4 17. Nxb4 Rb8 18. Nd3 Bf5 19.
Bc1 Rfc8 20. Rhe1 Rb7 21. b3 Rbc7 22. Re2 e5 23. h3 h4 24. Bg5 a5 25. Bxh4 a4 26. b4 Rc4 27. Be1 a3 28.
g4 Be6 29. c3 Rd8 30. Nf2 Rxd1+ 31. Nxd1 Rf4 32. Re3 Bd5 33. Kc2 Bxf3 34. Bg3 Be4+ 35. Kd2 Rf3 36. Rxe4 Rxg3 37. b5 f5 38. Ra4 e4 39. b6 Rg2+ 40.
Ke1 Rb2 41. gxf5 gxf5 42. Ra5 Rxb6 43. Rxf5 Rb1 44. c4 Ra1 45. Rb5 Rxa2 46. Ra5 Ra1 47. Ke2 a2 48. c5 Rxd1 49. Kxd1 a1=Q+ 50. Rxa1 Bxa1 51. Ke2 Bd4 52. c6 Bb6 53. c7 Bxc7 54. Ke3 Kh7 55. Kxe4 Bd8 1/2-1/2

[Event "6e festival d'échecs d'Allauch"]
[Site "Allauch, France"]
[Date "2024.08.27"]
[Round "3.3"]
[White "Petrosyan, Armen"]
[Black "Figier, Anthony"]
[Result "1/2-1/2"]
[TimeControl "1 h 30 min (+30s/coup)"]
[WhiteElo "2344"]
[BlackElo "2000"]

1. Nf3 Nf6 2. g3 d5 3. Bg2 c6 4. O-O Bf5 5. d3 h6 6. c4 e6 7. Qb3 Qc8 8. Nc3 Nbd7 9. cxd5 exd5 10.
Be3 Bd6 11. Rac1 Qb8 12. Bd4 O-O 13. Nh4 Bh7 14. e4 dxe4 15. dxe4 Re8 16. Rfe1 a6 17. Qd1 Bc5 18. Na4 Bxd4 19.
Qxd4 Qc7 20. Nf5 Bxf5 21. exf5 Qa5 22. Nc3 Qxf5 23. Ne4 Qa5 24. b4 Qc7 25. Nd6 Rxe1+ 26. Rxe1 Nf8 27. Nf5 Re8 28.
Rxe8 Nxe8 29. Qg4 Ng6 30. h4 Nf6 31. Qd4 h5 32. Bf1 Qe5 33. Qxe5 Nxe5 34. f4 Ned7 35. Nd6 b5 36. Bg2 Nd5 37.
Bxd5 cxd5 38. Kf2 Kf8 39. Ke3 Ke7 40. Nb7 Nb8 41. Kd4 Ke6 42. Kc5 Nd7+ 43. Kd4 Nb8 44. a3 Nd7 45. Nd8+ Ke7 46.
Nb7 Ke6 47. Nd8+ Ke7 48. Nb7 1/2-1/2

[Event "6e festival d'échecs d'Allauch"]
[Site "Allauch, France"]
[Date "2024.08.27"]
[Round "3.4"]
[White "Ben Amar, Yanis"]
[Black "Durand-Benmoussa, Roman"]
[Result "1-0"]
[TimeControl "1 h 30 min (+30s/coup)"]
[WhiteElo "1980"]
[BlackElo "2109"]

1. e4 c5 2. Nf3 e6 3. d4 cxd4 4. Nxd4 Nf6 5. Nc3 Nc6 6. Be3 Bb4 7. f3 d5 8. Bb5 Bd7 9. O-O Bxc3 10.
bxc3 O-O 11. Bd3 Ne5 12. Bg5 Bc6 13. Qe2 Rc8 14.
f4 Nxd3 15. e5 Nc5 16. exf6 gxf6 17. Bh6 Kh8 18. Bxf8 Qxf8 19. Nxc6 bxc6 20. Qe3 Qe7 21. Rf3 Ne4 22. c4 Rb8 23.
cxd5 cxd5 24. c4 Rb2 25. cxd5 exd5 26. Qa3 Rb4 27. Rc1 Qb7 28. h3 Kg7 29. Kh2 Qb6 30. Rc8 a5 31. Qe3 Qxe3 32.
Rxe3 Rd4 33. Ra3 a4 34. Ra8 Nc5 35. f5 Rf4 36. Rf3 Rc4 37. Rg3+ Kh6 38. Rd8 Ne4 39. Rg4 Rc2 40. Rxd5 Nd2 41. Rf4 Rb2 42. Rf2 Nc4 43.
Rxb2 Nxb2 44. Rd4 Kg5 45. g4 Kh4 46. Rb4 a3 47. Rb3 h5 48. gxh5 Kxh5 49. Rxa3 Kg5 50. Ra7 Kxf5 51. Rxf7 Kg6 52.
Rb7 1-0

[Event "6e festival d'échecs d'Allauch"]
[Site "Allauch, France"]
[Date "2024.08.27"]
[Round "3.5"]
[White "Sembel Rudelle, Gael"]
[Black "Anton, Christophe"]
[Result "1-0"]
[TimeControl "1 h 30 min (+30s/coup)"]
[WhiteElo "1624"]
[BlackElo "1697"]

1. e4 c5 2. c3 d6 3. d4 cxd4 4. cxd4 Nf6 5. Nc3 g6 6. Nf3 Bg7 7. Bc4 O-O 8. O-O Bd7 9. Re1 Qc7 10.
Qb3 Nc6 11. Bd5 Na5 12. Qa3 e6 13. Bb3 Nxb3 14. Qxb3 a6 15. Bf4 Nh5 16. Be3 Rac8 17. Rac1 Qb8 18. a4 e5 19. Nd5 Be6 20.
Rxc8 Rxc8 21. Ng5 Bxd5 22. Qxd5 Rc7 23. dxe5 Bxe5 24. b4 Nf6 25. Qb3 Ng4 26. Bb6 Rd7 27. Qh3 Bxh2+ 28. Kf1 f5 29.
exf5 gxf5 30. f3 Bf4 31. fxg4 Bxg5 32. Qh5 h6 33. Re8+ Kg7 34. Bd4+ Bf6 35. Bxf6+ Kxf6 36. Qxh6+ Kf7 37.
Qe6+ Kg7 38. Qxd7+ Kg6 39. Qxf5+ Kg7 40. Re7+ Kg8 41. Qh7+ 1-0

[Event "6e festival d'échecs d'Allauch"]
[Site "Allauch, France"]
[Date "2024.08.27"]
[Round "3.6"]
[White "Dorvaux-Valdieu, Teiva"]
[Black "Belaid, Noa"]
[Result "1/2-1/2"]
[TimeControl "1 h 30 min (+30s/coup)"]
[WhiteElo "1679"]
[BlackElo "1637"]

1. d4 Nf6 2. Nf3 g6 3. e3 Bg7 4. Bd3 O-O 5. O-O d5 6. Nbd2 c6 7. c4 Re8 8. b3 Na6 9. a3 Nc7 10.
c5 Nd7 11. Bb2 Nxc5 12. Qc2 Nxd3 13. Qxd3 Bf5 14. Qe2 Nb5 15. b4 Nd6 16. Rac1 Rc8 17. Ne5 f6 18. Nd3 Bxd3 19. Qxd3 e5 20.
Rc2 e4 21. Qb3 f5 22. a4 a6 23. Rfc1 Kh8 24. Ba3 1/2-1/2

[Event "6e festival d'échecs d'Allauch"]
[Site "Allauch, France"]
[Date "2024.08.27"]
[Round "3.7"]
[White "Guillemin, Olivier"]
[Black "Siguret, William"]
[Result "0-1"]
[TimeControl "1 h 30 min (+30s/coup)"]
[WhiteElo "1597"]
[BlackElo "1671"]

1. e4 d5 2. exd5 Qxd5 3. Nc3 Qd6 4.
Bc4 e6 5. d3 Nf6 6. Nf3 Nbd7 7. O-O a6 8. a3 b5 9. Bb3 Be7 10. Re1 Bb7 11. Bg5 h6 12. Bh4 Bd8 13. Bg3 Qe7 14.
d4 Nb6 15. Bh4 O-O 16. d5 c5 17. d6 Qd7 18. Ne5 Qc8 19. Qd2 c4 20. Ba2 Nbd5 21. b3 cxb3 22. Bxb3 Qxc3 23. Qxc3 Nxc3 24.
Bxf6 Bxf6 25. Nd7 Rfd8 26. Nxf6+ gxf6 27. Re3 Nd5 28. Rg3+ Kh7 29. c3 Rxd6 30. Bc2+ f5 31. h3 Nf4 32.
Kh2 Rd2 33. Ra2 Rad8 34. Bb3 Rxa2 35. Bxa2 Rd2 36. Bb1 Rb2 37. Bd3 Rxf2 38. Bb1 Rxg2+ 39. Rxg2 Bxg2 40. Kg3 Be4 41. Bxe4 Ne2+ 42. Kf2 fxe4 43.
Kxe2 Kg6 44. Kf2 Kg5 45. Kg2 h5 46. Kg3 h4+ 47. Kf2 Kf4 48. Ke2 f5 49. Kf2 e5 50. Ke2 Kg3 51. Kf1 f4 52.
Ke2 Kxh3 53. Kf2 Kg4 54. Ke2 Kg3 55. Kf1 h3 56. Ke2 Kg2 57. Kd2 h2 58. Kc2 h1=Q 59. Kb3 Qb1# 0-1

[Event "6e festival d'échecs d'Allauch"]
[Site "Allauch, France"]
[Date "2024.08.27"]
[Round "3.8"]
[White "Madi, Chahinez"]
[Black "Caruncho, Alfonso"]
[Result "1/2-1/2"]
[TimeControl "1 h 30 min (+30s/coup)"]
[WhiteElo "1668"]
[BlackElo "1600"]

1. e4 c5 2. Nf3 e6 3. d4 cxd4 4. Nxd4 a6 5. Nc3 Qc7 6. g3 Nc6 7. Nf3 Bc5 8. Bg2 b5 9. Bf4 Qb6 10. O-O Bb7 11. Bd6 Nd4 12. e5 Nf5 13. Bxc5 Qxc5 14. Re1 d5 15. exd6 Nxd6 16. Re5 Qc7 17. Nd5 Bxd5 18. Qxd5 Rd8 19.
Qb3 Ne7 20. Bh3 Nc4 21. Re2 O-O 22. Rae1 Nc6 23. a4 N4a5 24. Qe3 Rd6 25. Ng5 Nd4 26. Rd2 Qc5 27. c3 Nc4 28. cxd4 Nxe3 29. dxc5 Rxd2 30. Rxe3 Rxb2 31. axb5 axb5 32. c6 Rc2 33. c7 Rxc7 34. Kg2 Re8 35. Rb3 h6 36. Nf3 b4 37.
Ne5 Rb8 1/2-1/2

[Event "6e festival d'échecs d'Allauch"]
[Site "Allauch, France"]
[Date "2024.08.28"]
[Round "4.1"]
[White "Degraeve, Jean-Marc"]
[Black "Ben Amar, Yanis"]
[Result "1-0"]
[TimeControl "1 h 30 min (+30s/coup)"]
[WhiteElo "2487"]
[BlackElo "1980"]

1. e4 e5 2. Bc4 Nf6 3. d3 Nc6 4. Nf3 Bc5 5. O-O d6 6. c3 a6 7. Bb3 Ba7 8. Nbd2 h6 9. Re1 g5 10.
Nf1 Nh5 11. Be3 Bxe3 12. Nxe3 Nf4 13. g3 Rg8 14. Kh1 Nh3 15. Qe2 h5 16. Ng1 h4 17. Nxh3 Bxh3 18. g4 Rg6 19. Qf3 Rf6 20. Nf5 Bxg4 21. Qxg4 Rg6 22.
Re3 Qd7 23. Rf3 O-O-O 24. Bxf7 Rf6 25. Ne7+ 1-0

[Event "6e festival d'échecs d'Allauch"]
[Site "Allauch, France"]
[Date "2024.08.28"]
[Round "4.2"]
[White "Chaumet, Etienne"]
[Black "Degraeve, Remy"]
[Result "0-1"]
[TimeControl "1 h 30 min (+30s/coup)"]
[WhiteElo "2077"]
[BlackElo "2402"]

1. e4 e5 2. Nf3 Nc6 3. Bb5 a6 4. Ba4 Nf6 5. O-O d6 6. Bxc6+ bxc6 7. d4 exd4 8. Nxd4 c5 9. Nc6 Qd7 10.
Na5 Qa4 11. Bd2 Be7 12. Re1 Bg4 13. f3 Be6 14. c4 Qxd1 15. Rxd1 Nd7 16. b3 f5 17. exf5 Bxf5 18. Nc6 Bf6 19.
Bc3 Kf7 20. Bxf6 Nxf6 21. Nc3 a5 22. Re1 Rhe8 23. Nb5 Bd7 24. Rxe8 Nxe8 25. Nba7 Bxc6 26. Nxc6 Ra6 27. Nb8 Rb6 28.
Nd7 Rb7 29. Re1 c6 0-1